 Dungeon Crawl Stone Soup version 0.29.1-12-g30fa7ad0bf (webtiles) character file.

Game seed: 12618325757416759818

802 concernfroge the Trooper (level 7, -3/61 HPs)
             Began as a Mummy Monk on Dec 23, 2022.
             Was a Priest of Okawaru.
             Slain by a vampire mosquito (6 damage)
             ... on level 5 of the Dungeon.
             The game lasted 00:13:48 (6129 turns).

concernfroge the Trooper (Mummy Monk)               Turns: 6129, Time: 00:13:49

Health: -3/61      AC:  8    Str: 16    XL:     7   Next: 59%
Magic:  10/10      EV: 10    Int:  9    God:    Okawaru [***...]
Gold:   277        SH:  0    Dex: 15    Spells: 6/6 levels left

rFire   x . .      SeeInvis .   g - +5 dagger of Integrity {speed, Fly}
rCold   + . .      Faith    .   (no shield)
rNeg    + + +      Spirit   .   l - +0 scale mail
rPois   ∞          Reflect  .   c - +0 helmet
rElec   .          Harm     .   (no cloak)
rCorr   .          Rampage  .   (no gloves)
Will    .....                   j - +0 pair of boots
Stlth   +.........              (no amulet)
HPRegen 0.20/turn               h - +4 ring of slaying
MPRegen 0.12/turn               (no ring)

@: flying
A: cold resistance 1, negative energy resistance 3, torment resistance 2, heat
vulnerability 1, in touch with death 1, no potions
a: Renounce Religion, Heroism


You were on level 5 of the Dungeon.
You worshipped Okawaru.
Okawaru was most pleased with you.
You visited 2 branches of the dungeon, and saw 6 of its levels.

You collected 277 gold pieces.

Inventory:

Hand Weapons
 a - a +0 spear
 g - the +5 dagger of Integrity (weapon) {speed, Fly}
   (You found it on level 2 of the Dungeon)

   Attacks with this weapon are significantly faster.
   Fly:       It grants you flight.
Missiles
 b - 3 boomerangs
 e - 41 stones
 k - 4 curare-tipped darts
 m - 2 poisoned darts (quivered)
Armour
 c - a +0 helmet (worn)
 j - a +0 pair of boots (worn)
 l - a +0 scale mail (worn)
Jewellery
 h - a +4 ring of slaying (left hand)
Scrolls
 d - a scroll of identify
 i - 2 scrolls of fear
 n - a scroll of silence


   Skills:
 + Level 7.8 Fighting
 - Level 2.4 Polearms
 - Level 2.4 Dodging
 - Level 1.5 Stealth
 - Level 4.0 Invocations


You had 6 spell levels left.
You didn't know any spells.
Your spell library contained the following spells:

 Spells                   Type           Power      Damage    Failure   Level
 Freeze                   Ice            0%         1d3       83%         1
 Frozen Ramparts          Ice            0%         1d1       99%         3
 Hailstorm                Conj/Ice       0%         3d3       100%        4


Dungeon Overview and Level Annotations

Branches:
Dungeon (5/15)             Temple (1/1) D:4

Altars:
Ashenzari
Dithmenos
Fedhas
Gozag
Kikubaaqudgha
Makhleb
Okawaru
Qazlal
Ru
Trog
Vehumet
Wu Jian
Xom
Yredelemnul

Annotations:
D:4 2 runed translucent doors, exclusion: downstairs, wormed's ghost, amateur MiGl


Innate Abilities, Weirdness & Mutations

You are immune to poison.
Your flesh is cold resistant. (rC+)
You are immune to negative energy. (rN+++)
You are immune to unholy pain and torment.
You are vulnerable to heat. (rF-)
You are in touch with the powers of death.
You do not drink.


Message History

Okay, then.
You can't see any enemies this would affect, really read the scroll of fear?
Okay, then.
Okay, then.
Aiming: Mindburst
Press: ? - help, Shift-Dir - straight line, f - vampire mosquito
Aim: a vampire mosquito (moderately damaged, chance to affect: 64%)
The vampire mosquito struggles to resist.
The vampire mosquito bites you.
Aiming: Mindburst
Press: ? - help, Shift-Dir - straight line, f/p - vampire mosquito
Aim: a vampire mosquito (moderately damaged, chance to affect: 64%)
The vampire mosquito struggles to resist.
The vampire mosquito bites you. The vampire mosquito barely misses you.
Aiming: Mindburst
Press: ? - help, Shift-Dir - straight line, f/p - vampire mosquito
Aim: a vampire mosquito (moderately damaged, chance to affect: 64%)
The vampire mosquito struggles to resist.
The now-empty wand crumbles to dust.
The vampire mosquito bites you but does no damage.
The vampire mosquito bites you.
* * * LOW HITPOINT WARNING * * *
You puncture the vampire mosquito!
The vampire mosquito is heavily damaged.
The vampire mosquito bites you.
* * * LOW HITPOINT WARNING * * *
The vampire mosquito bites you!
* * * LOW HITPOINT WARNING * * *
You closely miss the vampire mosquito.
The vampire mosquito is heavily damaged.
The vampire mosquito bites you but does no damage.
You completely miss the vampire mosquito.
The vampire mosquito is heavily damaged.
The vampire mosquito barely misses you.
You puncture the vampire mosquito!
The vampire mosquito is severely damaged.
The vampire mosquito bites you.
* * * LOW HITPOINT WARNING * * *
The vampire mosquito bites you.
You die...

.####. #.# .......##
#.# ........## #.#
.........###<#
..........##†#######
....................
..
........†...........
..
.........##.........
##
..........##@#######
.#
..........##y#######
.#
...........#y..)...#
......†............#
...................#
.$.................#
.........#.##......#
#...y....#.##..[...#
...y.....#.........#


You could see 2 vampire mosquitoes.

Vanquished Creatures
  Menkaure (D:4)
  A water moccasin (D:5)
  A black bear (D:4)
  A phantom (D:5)
  2 orc priests
  A hound (D:5)
  An iguana (D:5)
  Ijyb (D:4)
  2 orc wizards
  8 adders
  3 gnolls (D:3)
  An ufetubus (D:5)
  2 worms
  A dart slug (D:5)
  20 orcs
  6 ball pythons
  6 endoplasms
  3 giant cockroaches (D:1)
  8 goblins
  8 hobgoblins
  3 jackals
  5 quokkas
  2 bats (D:1)
  7 frilled lizards
  10 kobolds
  7 rats
111 creatures vanquished.

Notes
Turn   | Place    | Note
-------+----------+-------------------------------------------
     0 | D:1      | concernfroge the Mummy Monk began the quest for the Orb.
     0 | D:1      | Reached XP level 1. HP: 18/18 MP: 1/1
   401 | D:1      | Reached XP level 2. HP: 22/24 MP: 2/2
   805 | D:1      | Reached skill level 4 in Fighting
  1388 | D:2      | Gained mutation: You are in touch with the powers of death.
                  | [Mummy growth]
  1388 | D:2      | Reached XP level 3. HP: 24/31 MP: 3/3
  1557 | D:2      | Found a faded altar of an unknown god.
  1813 | D:2      | Identified the +5 dagger of Integrity {speed, Fly}
  2679 | D:3      | Reached XP level 4. HP: 34/38 MP: 4/4
  2689 | D:3      | Reached skill level 5 in Fighting
  3072 | D:3      | Identified the +2 ring mail "Ukoreri" {rF- rCorr Int+5
                  | Dex-2}
  3304 | D:3      | Reached XP level 5. HP: 46/46 MP: 5/5
  3384 | D:3      | Found an iron altar of Okawaru.
  4023 | D:3      | Became a worshipper of Warmaster Okawaru
  4023 | D:3      | Reached * piety under Okawaru
  4023 | D:3      | Reached ** piety under Okawaru
  4065 | D:4      | Reached skill level 6 in Fighting
  4274 | D:3      | Reached skill level 1 in Invocations
  4400 | D:4      | Found a large runed translucent door.
  4400 | D:4      | Found a large runed translucent door.
  4417 | D:4      | Noticed Ijyb
  4417 | D:4      | Noticed Menkaure
  4428 | D:5      | Entered Level 5 of the Dungeon
  4435 | D:5      | Reached XP level 6. HP: 53/53 MP: 7/7
  4813 | D:4      | Found a staircase to the Ecumenical Temple.
  4825 | D:4      | Killed Menkaure
  4826 | D:4      | Reached skill level 7 in Fighting
  5121 | D:4      | Killed Ijyb
  5122 | D:4      | Reached XP level 7. HP: 27/60 MP: 9/9
  5494 | D:4      | Noticed wormed's ghost (amateur MiGl)
  5671 | D:5      | Reached *** piety under Okawaru
  5764 | D:5      | Noticed a vampire mosquito
  5768 | D:5      | Noticed a vampire mosquito
  5769 | D:5      | Noticed a vampire mosquito
  5895 | Temple   | Entered the Ecumenical Temple
  6113 | D:5      | Noticed a vampire mosquito
  6129 | D:5      | HP: 3/61 [vampire mosquito (2)]
  6129 | D:5      | Slain by a vampire mosquito

Illustrated notes

Levels and vault maps discovered:
D:1:      lemuel_arrival_muddy, layout_basic, chequers_serial_rivers_large_a
D:2:      layout_basic, shapermc_ecumenical_altar_mp_highgroup
D:3:      minmay_chambers_of_threes, layout_basic, lemuel_tele_altar
D:4:      layout_cave_pools, minmay_temple_entry_grid,
          ebering_ghost_disaster_area, minmay_misc_feat_room, minmay_unequal,
          uniq_menkaure, uniq_ijyb
D:5:      layout_rooms
Temple:   hellmonk_temple_two_chambers

Skill      XL: |  1  2  3  4  5  6  7 |
---------------+----------------------+-----
Fighting       | 4 5 6 7 |  7.8
Invocations    | 1 3 4 |  4.0
Polearms       | |  2.4
Dodging        | |  2.4
Stealth        | |  1.5

Action                   |  1- 3 |  4- 6 |  7- 9 || total
-------------------------+-------+-------+-------++-------
Melee: Spear             |   169 |       |       ||   169
       Punch             |     3 |     1 |       ||     4
       Dagger            |    14 |   159 |    49 ||   222
Throw: Dart              |       |    13 |       ||    13
Evoke: Wand              |       |       |     3 ||     3
  Use: Scroll            |       |     2 |     1 ||     3
 Stab: Sleeping          |     5 |       |       ||     5
       Distracted        |     1 |       |       ||     1
Armor: Robe              |    23 |       |       ||    23
       Leather armour    |     7 |    10 |       ||    17
       Scale mail        |       |    39 |    12 ||    51
Dodge: Dodged            |    84 |    68 |    18 ||   170
